[Event "Titled Tuesday Blitz May 9 Early 2023"]
[White "Hadzimanolis, Antonios"]
[Black "Frolyanov, Dmitry"]
[WhiteFideId "4202813"]
[BlackFideId "4151976"]
[WhiteElo "2242"]
[BlackElo "2395"]
[Result "1-0"]
[Round "01"]
[TimeControl "180+2"]
[Date "2023.05.09"]
[WhiteClock "0:00:08"]
[BlackClock "0:00:00"]

1. e4 e5 2. Nf3 Nf6 3. Nxe5 d6 4. Nf3 Nxe4 5. Nc3 Nxc3 6. dxc3 Be7 7. Be3 O-O 8. Qd2 Nd7 9. O-O-O Ne5 10. Nxe5 dxe5 11. Bd3 Be6 12. Kb1 Qe8 13. f4 exf4 14. Bxf4 Bf6 15. Rhe1 Qa4 16. a3 c5 17. Be5 Bxe5 18. Rxe5 Rac8 19. Qe3 Qc6 20. g3 Rfd8 21. Re1 h6 22. Be4 Qd6 23. Bxb7 Rc7 24. Bf3 Rb8 25. Rxe6 fxe6 26. Qxe6+ Qxe6 27. Rxe6 Rf8 28. Bd5 Kh8 29. c4 Rcc8 30. b4 Rfe8 31. Ra6 Rc7 32. Kb2 Kh7 33. h4 Ree7 34. h5 Re5 35. g4 Ree7 36. c3 Re3 37. Kb3 Ree7 38. Rd6 Rc8 39. Be6 Rce8 40. Bf5+ Kg8 41. bxc5 Rb8+ 42. Ka4 Rc7 43. c6 Rb6 44. Bd7 Kf8 45. Re6 Kf7 46. Re5 Kf6 47. Rb5 Ke7 48. Rxb6 axb6 49. Kb5 Kd8 50. Kxb6 1-0


[Site "https://www.chess.com"]

[Event "Titled Tuesday Blitz May 9 Early 2023"]
[White "Lavrik, Dmitry"]
[Black "Gvanceladze, Anna"]
[WhiteFideId "24113190"]
[BlackFideId "4113721"]
[WhiteElo "2345"]
[BlackElo "2025"]
[Result "1-0"]
[Round "01"]
[TimeControl "180+2"]
[Date "2023.05.09"]
[WhiteClock "0:00:22"]
[BlackClock "0:00:11"]

1. c4 e5 2. g3 Nf6 3. Bg2 Nc6 4. Nc3 Bc5 5. e3 d5 6. cxd5 Nb4 7. d3 Nfxd5 8. Nxd5 Nxd5 9. a3 a5 10. Qc2 Bb6 11. b3 O-O 12. Bb2 f6 13. Nf3 Be6 14. O-O Qd7 15. Nd2 Rad8 16. Rfd1 c6 17. Nc4 Bc7 18. d4 exd4 19. e4 Nb6 20. Rxd4 Qf7 21. Nxa5 Rxd4 22. Bxd4 Rd8 23. Be3 Bc8 24. Rd1 Rxd1+ 25. Qxd1 Nd7 26. Nc4 Ne5 27. Nxe5 Bxe5 28. f4 Bb2 29. a4 Be6 30. b4 Bb3 31. Qd2 Ba3 32. a5 h5 33. Bf1 Qe7 34. Bc5 Qxe4 35. Qd8+ Kh7 36. Bd3 1-0


[Site "https://www.chess.com"]

[Event "Titled Tuesday Blitz May 9 Early 2023"]
[White "LeoLV10"]
[Black "Aaditya Dhingra"]
[BlackFideId "25678191"]
[WhiteElo "2392"]
[BlackElo "2083"]
[Result "0-1"]
[Round "01"]
[TimeControl "180+2"]
[Date "2023.05.09"]
[WhiteClock "0:00:10"]
[BlackClock "0:00:04"]

1. e4 g6 2. d4 Bg7 3. f4 d5 4. e5 h5 5. h3 Nh6 6. Nf3 Nf5 7. c3 Ng3 8. Rg1 Nxf1 9. Rxf1 Bf5 10. Nh4 Be4 11. f5 e6 12. f6 Bf8 13. Nd2 Bd3 14. Rf3 Ba6 15. Rf2 c5 16. Nhf3 Nc6 17. Nb3 cxd4 18. Nbxd4 Nxd4 19. Nxd4 Qc7 20. Bf4 g5 21. Bh2 O-O-O 22. Rc2 g4 23. h4 Bh6 24. Bg3 Qc4 25. Kf2 Qd3 26. Qxd3 Bxd3 27. Rcc1 Bxc1 28. Rxc1 Kd7 29. Bf4 Rc8 30. Ke3 Be4 31. g3 a6 32. a4 Rc5 33. Kd2 Rhc8 34. Be3 Ra5 35. b3 b5 36. Ra1 Bg6 37. Ne2 bxa4 38. b4 Rb5 39. Rxa4 Ra8 40. Nd4 Rbb8 41. Nb3 Kc6 42. Nc5 a5 43. Rxa5 Rxa5 44. bxa5 Rb2+ 45. Ke1 Rb5 46. a6 Ra5 47. Bd4 Be4 48. Kf2 Rxc5 49. Bxc5 Kxc5 50. Ke3 Bh1 51. a7 d4+ 52. cxd4+ Kb6 53. d5 Bxd5 54. Kf4 Kxa7 55. Kg5 Kb6 56. Kxh5 Bf3 57. Kg5 Kc5 58. h5 Kd5 59. h6 Be4 60. Kxg4 Kxe5 61. Kg5 Bh7 62. g4 Bg6 63. Kh4 Kxf6 64. g5+ Kf5 65. h7 Bxh7 66. Kh5 e5 67. Kh6 Bg6 68. Kg7 e4 69. Kh6 e3 70. Kg7 e2 71. Kh6 e1=Q 72. Kg7 Qe5+ 73. Kg8 Qb8+ 74. Kg7 Qc7 75. Kh6 Qd6 76. Kg7 Kxg5 77. Kg8 Qe5 78. Kf8 Kh6 79. Kg8 Qe8# 0-1


[Site "https://www.chess.com"]

[Event "Titled Tuesday Blitz May 9 Early 2023"]
[White "djokovic74"]
[Black "Mazurkiewicz, Michal"]
[BlackFideId "1124943"]
[WhiteElo "2691"]
[BlackElo "2054"]
[Result "1-0"]
[Round "01"]
[TimeControl "180+2"]
[Date "2023.05.09"]
[WhiteClock "0:00:03"]
[BlackClock "0:00:00"]

1. e4 d6 2. d4 Nf6 3. Nc3 c6 4. Nf3 Bg4 5. Be2 e6 6. h3 Bh5 7. O-O d5 8. exd5 cxd5 9. Bf4 Be7 10. Nb5 Na6 11. c4 O-O 12. c5 Nb4 13. Nd6 Bxd6 14. Bxd6 Re8 15. a3 Nc6 16. b4 Ne4 17. Bh2 Nc3 18. Qd3 Nxe2+ 19. Qxe2 Nxd4 20. Qd3 Nxf3+ 21. gxf3 Qg5+ 22. Bg3 Bg6 23. Qd4 Bf5 24. h4 Qh5 25. Kg2 e5 26. Qd2 e4 27. fxe4 dxe4 28. Qf4 Bg4 29. Rac1 Bf3+ 30. Kg1 Re6 31. c6 bxc6 32. Rc5 Qg4 33. Qxg4 Bxg4 34. Rfc1 Bf3 35. Kf1 Rd8 36. Ke1 h5 37. R5c2 e3 38. fxe3 Rxe3+ 39. Kf2 Rxa3 40. Bf4 Be4 41. Rc3 Rd3 42. Rxa3 Rxa3 43. Be3 f6 44. Rd1 Ra2+ 45. Kg3 Rg2+ 46. Kh3 Re2 47. Bc5 g5 48. Rd7 Bf5+ 49. Kg3 gxh4+ 50. Kf3 1-0


[Site "https://www.chess.com"]

[Event "Titled Tuesday Blitz May 9 Early 2023"]
[White "Marcziter, Dmitrii"]
[Black "Sammed Jaykumar, Shete"]
[WhiteFideId "13900765"]
[BlackFideId "5073421"]
[WhiteElo "2162"]
[BlackElo "2278"]
[Result "0-1"]
[Round "01"]
[TimeControl "180+2"]
[Date "2023.05.09"]
[WhiteClock "0:00:11"]
[BlackClock "0:00:09"]

1. d4 Nf6 2. c4 g6 3. Nf3 Bg7 4. g3 O-O 5. Bg2 c5 6. O-O cxd4 7. Qxd4 Nc6 8. Qh4 h5 9. h3 d5 10. Nbd2 e5 11. cxd5 Nxd5 12. Qxd8 Rxd8 13. Nc4 f6 14. Rd1 Be6 15. Ne3 Nb6 16. Bd2 e4 17. Ne1 f5 18. Bc3 Bxc3 19. bxc3 Na4 20. Rdc1 Rd2 21. Kf1 Bxa2 22. f3 Nc5 23. N1c2 Nb3 24. Rxa2 Nxc1 25. Rb2 a5 26. fxe4 a4 27. exf5 a3 28. Rxb7 Ne5 29. Re7 Ra5 30. f6 Rxe2 31. Bd5+ Rxd5 32. Nxd5 a2 33. Rg7+ Kf8 34. Na1 Ned3 35. Ra7 Rf2+ 36. Kg1 Ne2+ 37. Kh1 Nxg3+ 38. Kg1 Ne2+ 39. Kh1 Rf1+ 40. Kg2 Rf2+ 41. Kh1 Ne1 42. c4 Nf3 43. Ra8+ Kf7 44. Ra7+ Ke6 45. Re7+ Kd6 46. Rxe2 Rxe2 47. c5+ Kxd5 48. f7 Rh2# 0-1


[Site "https://www.chess.com"]

[Event "Titled Tuesday Blitz May 9 Early 2023"]
[White "Colas, Joshua"]
[Black "Andrews, Todd"]
[WhiteFideId "2044447"]
[BlackFideId "2012456"]
[WhiteElo "2347"]
[BlackElo "2173"]
[Result "1-0"]
[Round "01"]
[TimeControl "180+2"]
[Date "2023.05.09"]
[WhiteClock "0:00:41"]
[BlackClock "0:00:43"]

1. Nf3 Nf6 2. c4 g6 3. b3 Bg7 4. Bb2 O-O 5. g3 d6 6. d4 Nbd7 7. Bg2 e5 8. dxe5 Ng4 9. Qd2 Ndxe5 10. Nxe5 dxe5 11. Qxd8 Rxd8 12. h3 Nh6 13. Nc3 c6 14. Ne4 Nf5 15. O-O h6 16. Rfd1 Bd7 17. Nc5 Be8 18. Nxb7 Rxd1+ 19. Rxd1 Nd4 20. e3 Ne6 21. Nd6 a5 22. Nxe8 Rxe8 23. Bxc6 Rb8 24. Rd5 Nc7 25. Rxa5 Rd8 26. Ra7 Rd1+ 27. Kg2 Ne6 28. Bd5 Nc5 29. Bxf7+ Kf8 30. Ba3 1-0


[Site "https://www.chess.com"]

[Event "Titled Tuesday Blitz May 9 Early 2023"]
[White "Luberanski, Jakub"]
[Black "Kucuksari, Kaan"]
[WhiteFideId "21830509"]
[BlackFideId "6380166"]
[WhiteElo "2255"]
[BlackElo "2364"]
[Result "0-1"]
[Round "01"]
[TimeControl "180+2"]
[Date "2023.05.09"]
[WhiteClock "0:00:53"]
[BlackClock "0:00:48"]

1. e4 c5 2. Nf3 Nc6 3. d4 cxd4 4. Nxd4 e5 5. Nb5 d6 6. N1c3 a6 7. Na3 Nf6 8. Bg5 Be7 9. Bxf6 Bxf6 10. Nd5 b5 11. c4 b4 12. Nc2 Rb8 13. Be2 O-O 14. O-O Bg5 15. Qd3 f5 16. f3 Be6 17. Rad1 Rb7 18. Kh1 Rbf7 19. c5 dxc5 20. Qxa6 Qa8 21. exf5 Bxf5 22. Nce3 Be6 23. Qb5 Nd4 24. Qc4 Bxe3 25. Qxc5 Bxd5 26. Qxb4 Nxe2 27. Rfe1 Bxf3 0-1


[Site "https://www.chess.com"]

[Event "Titled Tuesday Blitz May 9 Early 2023"]
[White "De Silva, L M S T"]
[Black "Lopez Del Alamo, Antonio"]
[WhiteFideId "9953698"]
[BlackFideId "2227339"]
[WhiteElo "2395"]
[BlackElo "2175"]
[Result "1/2-1/2"]
[Round "01"]
[TimeControl "180+2"]
[Date "2023.05.09"]
[WhiteClock "0:00:23"]
[BlackClock "0:00:05"]

1. c4 Nf6 2. Nc3 g6 3. d4 Bg7 4. e4 d6 5. Nf3 O-O 6. Be2 Na6 7. O-O e5 8. d5 Nc5 9. Qc2 a5 10. Be3 Ng4 11. Bg5 f6 12. Bh4 Nh6 13. Nd2 g5 14. Bg3 f5 15. exf5 Bxf5 16. Nce4 Qe8 17. f3 Qg6 18. Bf2 b6 19. h3 Nf7 20. g4 Bxe4 21. fxe4 Qh6 22. Kg2 Nh8 23. Bg3 Ng6 24. a3 a4 25. b4 axb3 26. Nxb3 Nf4+ 27. Bxf4 exf4 28. Nxc5 bxc5 29. Ra2 Bd4 30. Qd3 f3+ 31. Rxf3 Rxf3 32. Bxf3 Qh4 33. Qe2 Rf8 34. a4 h5 35. gxh5 g4 36. hxg4 Be5 37. Qf2 Qh2+ 38. Kf1 Rxf3 39. Qxf3 Qxa2 40. g5 Qxc4+ 41. Kg2 Qc3 42. Qf5 Qg3+ 43. Kf1 Qd3+ 44. Kg2 Qg3+ 45. Kf1 Qd3+ 46. Kg2 Qg3+ 1/2-1/2


[Site "https://www.chess.com"]

[Event "Titled Tuesday Blitz May 9 Early 2023"]
[White "Rottenwohrer Suarez, Juan"]
[Black "Djokic, Mihailo"]
[WhiteFideId "32068182"]
[BlackFideId "976440"]
[WhiteElo "2174"]
[BlackElo "2294"]
[Result "0-1"]
[Round "01"]
[TimeControl "180+2"]
[Date "2023.05.09"]
[WhiteClock "0:00:00"]
[BlackClock "0:00:21"]

1. d4 Nf6 2. c4 g6 3. Nc3 d6 4. e4 Bg7 5. Be2 O-O 6. Be3 Na6 7. h4 h5 8. f3 e5 9. d5 Nc5 10. b4 Ncd7 11. Nh3 a5 12. a3 Nh7 13. Ng5 Nxg5 14. Bxg5 f6 15. Be3 f5 16. Bg5 Bf6 17. Bxf6 Nxf6 18. Rb1 fxe4 19. fxe4 axb4 20. axb4 Ng4 21. Bxg4 Bxg4 22. Qd2 Ra3 23. Qb2 Qf6 24. Rc1 Rb3 25. Qd2 Rxb4 26. Nb5 Rb3 27. Nxc7 Qf4 28. Qxf4 Rxf4 0-1


[Site "https://www.chess.com"]

[Event "Titled Tuesday Blitz May 9 Early 2023"]
[White "Xie, Bryan"]
[Black "Jia, Haoxiang"]
[WhiteFideId "30941296"]
[BlackFideId "8602999"]
[WhiteElo "2033"]
[BlackElo "2675"]
[Result "1-0"]
[Round "01"]
[TimeControl "180+2"]
[Date "2023.05.09"]
[WhiteClock "0:00:18"]
[BlackClock "0:00:08"]

1. d4 Nf6 2. Nf3 g6 3. Bf4 Bg7 4. e3 d5 5. Be2 O-O 6. O-O c5 7. c3 Nc6 8. h3 Nd7 9. Bh2 e5 10. dxe5 Ndxe5 11. Nbd2 Be6 12. Re1 Qb6 13. Qb3 Rfd8 14. Rad1 c4 15. Qxb6 axb6 16. a3 Ra5 17. Nxe5 Nxe5 18. Bxe5 Bxe5 19. Nxc4 dxc4 20. Rxd8+ Kg7 21. Red1 Rb5 22. R1d2 Bf6 23. Rb8 Bd5 24. Bf3 Be5 25. Rc8 Be6 26. Re8 Bf6 27. Bxb7 Rc5 28. Rd6 b5 29. Bc8 Bxc8 30. f4 Be6 31. g4 h6 32. Kf2 Rc7 33. e4 Be7 34. Rd1 h5 35. f5 gxf5 36. gxf5 Bc8 37. Kf3 Kf6 38. Kf4 Bc5 39. e5+ Kg7 40. f6+ Kh7 41. Rdd8 1-0


[Site "https://www.chess.com"]

[Event "Titled Tuesday Blitz May 9 Early 2023"]
[White "Matinian, Nikita"]
[Black "Melikhov, Evgeny V."]
[WhiteFideId "24129100"]
[BlackFideId "4122046"]
[WhiteElo "2422"]
[BlackElo "2158"]
[Result "1-0"]
[Round "01"]
[TimeControl "180+2"]
[Date "2023.05.09"]
[WhiteClock "0:01:30"]
[BlackClock "0:01:50"]

1. e4 e5 2. Nf3 Nc6 3. Bb5 a6 4. Ba4 Nf6 5. O-O Nxe4 6. d4 b5 7. Bb3 d5 8. dxe5 Be6 9. Nbd2 Bc5 10. Nxe4 dxe4 11. Bxe6 Qxd1 12. Rxd1 fxe6 13. Ng5 O-O 14. Nxe4 Bb6 15. h3 Nxe5 16. b3 h6 17. Bb2 Ng6 18. Rd7 Rf7 19. Rxf7 Kxf7 20. Rd1 Ke8 21. Bxg7 h5 22. Nf6+ Ke7 23. Rd7# 1-0


[Site "https://www.chess.com"]

[Event "Titled Tuesday Blitz May 9 Early 2023"]
[White "Goswami, Vedant"]
[Black "Rosen, Eric"]
[WhiteFideId "5003725"]
[BlackFideId "2032562"]
[WhiteElo "2011"]
[BlackElo "2331"]
[Result "0-1"]
[Round "01"]
[TimeControl "180+2"]
[Date "2023.05.09"]
[WhiteClock "0:00:00"]
[BlackClock "0:00:03"]

1. b3 e5 2. Bb2 Nc6 3. e3 Nf6 4. c4 d5 5. cxd5 Nxd5 6. a3 Bd6 7. Nc3 Nxc3 8. Bxc3 Qe7 9. Bb2 O-O 10. d3 f5 11. Nf3 Be6 12. Be2 a5 13. O-O Rad8 14. Qc2 Qf6 15. Nd2 Qh6 16. Nc4 f4 17. Bf3 fxe3 18. fxe3 Kh8 19. Rae1 Bc5 20. Bc1 Ba7 21. Kh1 Qh4 22. g3 Qe7 23. Bg2 h6 24. Bb2 Bf5 25. Be4 Bxe4+ 26. dxe4 a4 27. bxa4 Qe6 28. Qe2 Kh7 29. Kg2 Ne7 30. Rxf8 Rxf8 31. Nd2 Ng6 32. Nf3 Qg4 33. Rf1 Qxe4 34. Rf2 Qxe3 35. Qxe3 Bxe3 36. Re2 Bb6 37. Nxe5 Nxe5 38. Bxe5 Ra8 39. Re4 Kg6 40. Rc4 c6 41. Rb4 Ra6 42. Bc3 Kf5 43. Kf3 g5 44. g4+ Ke6 45. h3 Kd5 46. Re4 Bc5 47. Bd2 Bd6 0-1


[Site "https://www.chess.com"]

[Event "Titled Tuesday Blitz May 9 Early 2023"]
[White "bubeliang"]
[Black "Silva Lucena, Cristian"]
[BlackFideId "2232588"]
[WhiteElo "2667"]
[BlackElo "2223"]
[Result "0-1"]
[Round "01"]
[TimeControl "180+2"]
[Date "2023.05.09"]
[WhiteClock "0:00:12"]
[BlackClock "0:00:23"]

1. e4 c5 2. c3 Nf6 3. e5 Nd5 4. Nf3 Nc6 5. Bc4 Nb6 6. Bb3 d5 7. exd6 Qxd6 8. O-O Be6 9. Bxe6 Qxe6 10. a4 g6 11. a5 Nd5 12. a6 b6 13. d4 cxd4 14. Nxd4 Qd7 15. Nb5 O-O-O 16. Qf3 Qf5 17. Qg3 e5 18. c4 Ndb4 19. N1c3 h5 20. h4 Rd3 21. Be3 Bc5 22. Rac1 Rhd8 23. Nd5 Nxd5 24. cxd5 R8xd5 25. b4 Nxb4 26. Nxa7+ Kb8 27. Nb5 Nxa6 28. Ra1 Nc7 29. Nxc7 Kxc7 30. Ra6 Kb7 31. Rfa1 Rd1+ 32. Kh2 Rxa1 33. Rxa1 Bxe3 34. fxe3 Rd2 35. e4 Qf2 36. Ra3 Qxg3+ 37. Kxg3 b5 38. Rf3 Rd7 39. Rf6 b4 40. Kh3 Rd3+ 41. g3 Rd7 42. Kg2 Ka7 43. Kf1 b3 44. Rf3 Rb7 45. Ke2 b2 0-1


[Site "https://www.chess.com"]

[Event "Titled Tuesday Blitz May 9 Early 2023"]
[White "micke12a"]
[Black "Di Nicolantonio, Lucas"]
[BlackFideId "680460"]
[WhiteElo "2372"]
[BlackElo "2358"]
[Result "0-1"]
[Round "01"]
[TimeControl "180+2"]
[Date "2023.05.09"]
[WhiteClock "0:01:14"]
[BlackClock "0:01:20"]

1. d4 Nf6 2. Nf3 e6 3. g3 d5 4. Bg2 Be7 5. O-O O-O 6. c4 c6 7. cxd5 cxd5 8. Nc3 b6 9. Ne5 Bb7 10. b3 Nbd7 11. Bb2 Nxe5 12. dxe5 Nd7 13. e4 d4 14. Qxd4 Bc5 15. Qa4 Nxe5 16. Rad1 Qe7 17. Nb5 Ng4 18. h3 a6 19. hxg4 axb5 20. Qxb5 Ba6 21. Qd7 Qxd7 22. Rxd7 Bxf1 23. Bxf1 Rxa2 0-1


[Site "https://www.chess.com"]

[Event "Titled Tuesday Blitz May 9 Early 2023"]
[White "Lewicki, Miroslaw"]
[Black "Omariev, Maksim"]
[WhiteFideId "1113380"]
[BlackFideId "4193423"]
[WhiteElo "2212"]
[BlackElo "2370"]
[Result "1-0"]
[Round "01"]
[TimeControl "180+2"]
[Date "2023.05.09"]
[WhiteClock "0:01:06"]
[BlackClock "0:00:00"]

1. g3 d5 2. Bg2 c6 3. Nf3 Nf6 4. O-O Bf5 5. d4 e6 6. Nbd2 h6 7. c4 Nbd7 8. Re1 Be7 9. b3 O-O 10. Bb2 a6 11. Ne5 Bh7 12. Ndf3 Qb6 13. e3 Rfd8 14. Bh3 Nxe5 15. Nxe5 c5 16. cxd5 Nxd5 17. Qf3 Nf6 18. Nc4 Qc7 19. dxc5 Qxc5 20. Qxb7 Be4 21. Qb6 Qh5 22. Bg2 Bxg2 23. Kxg2 Nd5 24. Qd4 Bf6 25. Qe4 Bxb2 26. Nxb2 Nc3 27. Qf4 Rd2 28. Nc4 Rxa2 29. Rxa2 Nxa2 30. Ne5 Qf5 31. Qd4 Rb8 32. Nc6 Rb5 33. Ne7+ 1-0


[Site "https://www.chess.com"]

[Event "Titled Tuesday Blitz May 9 Early 2023"]
[White "Goldin, Alexander"]
[Black "Matveeva, Olga"]
[WhiteFideId "2019540"]
[BlackFideId "24107018"]
[WhiteElo "2660"]
[BlackElo "2009"]
[Result "1-0"]
[Round "01"]
[TimeControl "180+2"]
[Date "2023.05.09"]
[WhiteClock "0:00:48"]
[BlackClock "0:00:09"]

1. Nf3 Nf6 2. d4 g6 3. c4 Bg7 4. Nc3 O-O 5. Bg5 d6 6. e3 Nbd7 7. Be2 c5 8. O-O cxd4 9. Nxd4 a6 10. Rc1 Qa5 11. Bh4 Re8 12. Qc2 Ne5 13. h3 Bd7 14. Nb3 Qc7 15. Bxf6 exf6 16. Nd5 Qd8 17. Rfd1 Rc8 18. Qd2 b5 19. cxb5 Bxb5 20. Bxb5 axb5 21. Nd4 Nc4 22. Qb4 Rc5 23. Nxb5 Qb8 24. a4 Qb7 25. Rxc4 Rxd5 26. Rxd5 Qxd5 27. Rd4 Qc5 28. Nxd6 Qc1+ 29. Kh2 Rd8 30. Qb7 f5 31. Qxf7+ Kh8 32. Qe7 1-0


[Site "https://www.chess.com"]

[Event "Titled Tuesday Blitz May 9 Early 2023"]
[White "Gatterer, Florian"]
[Black "Aldokhin, Ivan"]
[WhiteFideId "811688"]
[BlackFideId "24115720"]
[WhiteElo "2221"]
[BlackElo "2322"]
[Result "1-0"]
[Round "01"]
[TimeControl "180+2"]
[Date "2023.05.09"]
[WhiteClock "0:00:12"]
[BlackClock "0:00:00"]

1. c4 Nf6 2. g3 g6 3. b3 Bg7 4. Bb2 a5 5. Nf3 a4 6. b4 d5 7. cxd5 O-O 8. Bg2 Nxd5 9. Bxg7 Kxg7 10. a3 Nc6 11. O-O Bf5 12. Nc3 Nxc3 13. dxc3 Be4 14. Qc1 Qd5 15. c4 Qd6 16. Qc3+ Qf6 17. Qxf6+ Kxf6 18. Rad1 Rfd8 19. b5 Na5 20. Nd2 Bxg2 21. Kxg2 Ke6 22. Ne4 b6 23. c5 f6 24. Rc1 Rd4 25. f3 Nc4 26. Kf2 Nxa3 27. cxb6 cxb6 28. Rc6+ Kf7 29. Rxb6 Rb4 30. Ra6 Rb8 31. Ra1 Nxb5 32. R1xa4 Rb2 33. Ra2 Nc3 34. Nxc3 R2b3 35. R6a3 R3b4 36. Ra7 Rd4 37. R2a4 Rd2 38. Ne4 Rd5 39. R7a5 Rd1 40. h4 Rbb1 41. Ra3 Rf1+ 42. Ke3 Rfd1 43. Ra7 h6 44. Nf2 Rdc1 45. Nd3 Rc6 46. Rd7 Re6+ 47. Kf2 Rd1 48. Ne5+ Rxe5 49. Rxd1 Re6 50. Rdd3 h5 51. Re3 Rd6 52. Ra7 Rc6 53. Raxe7+ Kf8 54. R3e6 Rxe6 55. Rxe6 Kf7 56. Ra6 1-0


[Site "https://www.chess.com"]

[Event "Titled Tuesday Blitz May 9 Early 2023"]
[White "Harriott, Tyrell"]
[Black "Jeet, Jain"]
[WhiteFideId "2086484"]
[BlackFideId "5073022"]
[WhiteElo "2107"]
[BlackElo "2067"]
[Result "0-1"]
[Round "01"]
[TimeControl "180+2"]
[Date "2023.05.09"]
[WhiteClock "0:01:20"]
[BlackClock "0:01:33"]

1. d4 d5 2. e3 Nf6 3. Bd3 Nbd7 4. f4 c5 5. c3 g6 6. Nf3 Bg7 7. O-O O-O 8. f5 b6 9. Nbd2 Bb7 10. Qe1 Ne4 11. fxg6 hxg6 12. Bxe4 dxe4 13. Ng5 f5 14. Qh4 Nf6 15. Ne6 Qd5 16. Nxf8 Rxf8 17. c4 Qd6 18. d5 Ng4 19. Nb3 Bf6 20. Qh3 Kg7 21. Rf4 Rh8 22. Qg3 Bh4 23. Qh3 Bf2+ 24. Kf1 Rxh3 25. gxh3 Nxe3+ 26. Bxe3 Bxe3 27. Rh4 Qxh2 28. Ke1 Qf2+ 29. Kd1 Qxh4 30. Kc2 Qf2+ 31. Kc3 Qe2 32. Nxc5 bxc5 33. Kb3 Qd3+ 34. Ka4 Qxc4+ 35. Ka5 Qb4# 0-1


[Site "https://www.chess.com"]

[Event "Titled Tuesday Blitz May 9 Early 2023"]
[White "Martinez Ramirez, Lennis"]
[Black "ArrestingPieces"]
[WhiteFideId "3509079"]
[WhiteElo "2410"]
[BlackElo "2356"]
[Result "0-1"]
[Round "01"]
[TimeControl "180+2"]
[Date "2023.05.09"]
[WhiteClock "0:00:00"]
[BlackClock "0:00:28"]

1. c4 e6 2. Nf3 d5 3. g3 dxc4 4. Qa4+ Nd7 5. Bg2 a6 6. Ne5 Ne7 7. Nxc4 Rb8 8. Qc2 b5 9. Na5 c5 10. Nb3 Nd5 11. d3 Bb7 12. O-O Be7 13. Nc3 Qb6 14. Nxd5 Bxd5 15. Bxd5 exd5 16. Bf4 Rc8 17. d4 c4 18. Rad1 h5 19. Nd2 g6 20. Nf3 h4 21. e4 hxg3 22. hxg3 Qe6 23. Nh2 Qh3 24. f3 g5 25. Bc1 Qxg3+ 26. Qg2 Qxg2+ 27. Kxg2 Nf6 28. Bxg5 Rg8 29. f4 Nxe4 30. Nf3 Bxg5 31. fxg5 Nxg5 32. Rde1+ Kd7 33. Ne5+ Kc7 34. Kf2 f6 35. Nf3 Ne4+ 36. Ke2 Rce8 37. Kd1 Rg2 38. Kc1 b4 39. Rh1 Rf2 40. Rh7+ Kc6 41. Nh4 c3 42. bxc3 Rxa2 43. Re3 b3 44. Nf5 Rc2+ 45. Kb1 Nd2+ 0-1


[Site "https://www.chess.com"]

[Event "Titled Tuesday Blitz May 9 Early 2023"]
[White "Guzman Moneo, Alberto"]
[Black "Soham Kamotra"]
[WhiteFideId "2209616"]
[BlackFideId "46647490"]
[WhiteElo "2157"]
[BlackElo "2209"]
[Result "0-1"]
[Round "01"]
[TimeControl "180+2"]
[Date "2023.05.09"]
[WhiteClock "0:00:15"]
[BlackClock "0:00:36"]

1. e4 c6 2. Nf3 d5 3. d3 g6 4. e5 c5 5. d4 cxd4 6. Nxd4 Nc6 7. Bb5 Bd7 8. e6 fxe6 9. Nc3 Bg7 10. Nf3 Nh6 11. h4 Qc7 12. h5 O-O-O 13. Bg5 Nf5 14. Bd3 h6 15. Bd2 g5 16. a3 Rhf8 17. Na4 Ne5 18. Nxe5 Qxe5+ 19. Be2 Bxa4 0-1


[Site "https://www.chess.com"]

[Event "Titled Tuesday Blitz May 9 Early 2023"]
[White "Bashkansky, Ethan"]
[Black "Koellner, Ruben Gideon"]
[WhiteFideId "2071533"]
[BlackFideId "12993093"]
[WhiteElo "2350"]
[BlackElo "2314"]
[Result "1/2-1/2"]
[Round "01"]
[TimeControl "180+2"]
[Date "2023.05.09"]
[WhiteClock "0:00:18"]
[BlackClock "0:00:12"]

1. d4 d6 2. e4 Nf6 3. f3 e5 4. dxe5 dxe5 5. Qxd8+ Kxd8 6. Bc4 Be6 7. Bxe6 fxe6 8. Be3 Bd6 9. Nd2 Ke7 10. Nh3 Nbd7 11. Nf2 a6 12. a4 b5 13. axb5 axb5 14. Ke2 c5 15. b3 Rhb8 16. Nd3 h6 17. g4 Nh7 18. h4 Nhf8 19. h5 Nh7 20. Bf2 Kf7 21. Bh4 Be7 22. Bg3 Bf6 23. Rhb1 Ke7 24. Bf2 Kd6 25. c4 b4 26. Ra4 Rxa4 27. bxa4 Kc6 28. Nb3 Be7 29. Ra1 Ra8 30. Be3 Ng5 31. Bxg5 Bxg5 32. Ra2 Be7 33. a5 Ra6 34. Ra1 Bd6 35. Kd2 Nf8 36. Ke2 Nh7 37. Kd2 Ng5 38. Ke2 Nh3 39. Kd2 Nf4 40. Nxf4 exf4 41. Kd3 Be5 42. Rd1 Ra8 43. Kc2 Bc3 44. Rd3 Be5 45. Rd1 Bc3 46. Rf1 Rd8 47. Rd1 Ra8 1/2-1/2


[Site "https://www.chess.com"]

[Event "Titled Tuesday Blitz May 9 Early 2023"]
[White "Parkhov, Yair"]
[Black "Real_taiatai"]
[WhiteFideId "2813408"]
[WhiteElo "2421"]
[BlackElo "2347"]
[Result "1-0"]
[Round "01"]
[TimeControl "180+2"]
[Date "2023.05.09"]
[WhiteClock "0:01:45"]
[BlackClock "0:02:21"]

1. d4 c6 2. Nf3 e6 3. Bg5 f6 4. Bf4 e5 5. dxe5 fxe5 6. Bxe5 d6 7. Bc3 g6 8. Bxh8 Nf6 9. Qd4 Be7 10. Qe3 Kf7 11. Nc3 Be6 12. Ng5+ Kg8 13. Qxe6+ Kxh8 1-0


[Site "https://www.chess.com"]

[Event "Titled Tuesday Blitz May 9 Early 2023"]
[White "Volkov, Maksim"]
[Black "Senft, Sean"]
[WhiteFideId "54123070"]
[BlackFideId "2044960"]
[WhiteElo "2297"]
[BlackElo "1989"]
[Result "1-0"]
[Round "01"]
[TimeControl "180+2"]
[Date "2023.05.09"]
[WhiteClock "0:01:00"]
[BlackClock "0:00:17"]

1. d4 d5 2. c4 c6 3. Nf3 Nf6 4. g3 Bf5 5. Nc3 e6 6. Nh4 Be4 7. f3 Bg6 8. Qb3 Qc8 9. Bg2 Nbd7 10. O-O Be7 11. cxd5 Nxd5 12. Nxg6 hxg6 13. e4 Nxc3 14. bxc3 Nb6 15. a4 O-O 16. a5 Nd7 17. Be3 c5 18. Rfb1 Rb8 19. f4 c4 20. Qa4 Rd8 21. Kh1 Nf6 22. Bf3 Qc7 23. f5 gxf5 24. Bf4 e5 25. Bxe5 Bd6 26. Bxd6 Rxd6 27. e5 Re6 28. exf6 Re3 29. Rf1 f4 30. Rae1 Rxc3 31. Re8+ Kh7 32. Be4+ Kh6 33. Rxf4 Rc1+ 34. Kg2 g5 35. Rf2 b5 36. axb6 axb6 37. Rxb8 Qxb8 38. Qd7 Qg8 39. Qh3# 1-0


[Site "https://www.chess.com"]

[Event "Titled Tuesday Blitz May 9 Early 2023"]
[White "Al-Saffar, Araz Basim Mohammed S"]
[Black "Wieczorek, Oskar"]
[WhiteFideId "4801040"]
[BlackFideId "1133950"]
[WhiteElo "2304"]
[BlackElo "2418"]
[Result "0-1"]
[Round "01"]
[TimeControl "180+2"]
[Date "2023.05.09"]
[WhiteClock "0:00:03"]
[BlackClock "0:00:05"]

1. d4 Nf6 2. c4 c5 3. d5 g6 4. Nc3 Bg7 5. Nf3 d6 6. e4 O-O 7. Be2 Bg4 8. Nd2 Bxe2 9. Qxe2 e6 10. O-O Re8 11. Qd1 exd5 12. exd5 Na6 13. Nf3 Ne4 14. Nxe4 Rxe4 15. Qc2 Re8 16. Bg5 Qd7 17. Rae1 b5 18. Nd2 Nb4 19. Qb1 bxc4 20. Nxc4 Nxd5 21. Rd1 Bd4 22. h3 Nb6 23. Ne3 Rab8 24. Qc2 Qa4 25. b3 Qc6 26. Qd2 Nd5 27. Nc2 Nc3 28. Rde1 Qd5 29. Nxd4 Qxd4 30. Qxd4 cxd4 31. Bf6 Ne2+ 32. Kh2 Re6 33. g4 Rc8 34. g5 h6 35. h4 Rc3 36. Rd1 Nf4 37. f3 Rc2+ 38. Kh1 d3 39. Rfe1 Ree2 40. Rxe2 dxe2 41. Re1 Nd3 0-1


[Site "https://www.chess.com"]